[ PARTIDA AOE2 · #484742777 ]
UnrankedTártaros vs Muisca
[ ANÁLISIS DE REPETICIÓN · EXTRAÍDO DE LA PARTIDA GRABADA ]
Feudal
13:32
Castillos
17:30
Imperial
—
| APM promedio | 16.0 |
| APM pico | 56 |
| eAPM promedio | 8.2 |
| Aldeanos / militares | 45 / 47 |
Foco
⚔️ 20.9% · 🌾 79.1%
Cavalry Archer ×47
Feudal
10:18
Castillos
21:04
Imperial
—
| APM promedio | 17.3 |
| APM pico | 38 |
| eAPM promedio | 11.0 |
| Aldeanos / militares | 47 / 31 |
Foco
⚔️ 22.5% · 🌾 77.5%
Archer ×22 · Militia ×3 · Scorpion ×2 · Spearman ×2 · Skirmisher ×2
Feudal
18:30
Castillos
22:54
Imperial
—
| APM promedio | 21.7 |
| APM pico | 96 |
| eAPM promedio | 8.9 |
| Aldeanos / militares | 82 / 0 |
Foco
⚔️ 14.2% · 🌾 85.8%
Unknown (2562) ×11 · Unknown (2550) ×6
Feudal
11:35
Castillos
17:01
Imperial
—
| APM promedio | 16.2 |
| APM pico | 30 |
| eAPM promedio | 8.3 |
| Aldeanos / militares | 56 / 55 |
Foco
⚔️ 27.9% · 🌾 72.1%
Scorpion ×50 · Battering Ram ×5
Feudal
—
Castillos
—
Imperial
—
| APM promedio | 16.5 |
| APM pico | 47 |
| eAPM promedio | 12.6 |
| Aldeanos / militares | 89 / 19 |
Foco
⚔️ 15.5% · 🌾 84.5%
Spearman ×8 · Woad Raider ×7 · Battering Ram ×4
Feudal
11:52
Castillos
15:56
Imperial
—
| APM promedio | 21.8 |
| APM pico | 67 |
| eAPM promedio | 12.9 |
| Aldeanos / militares | 68 / 5 |
Foco
⚔️ 8.0% · 🌾 92.0%
Steppe Lancer ×4 · Monk ×1
Feudal
10:51
Castillos
23:18
Imperial
—
| APM promedio | 13.1 |
| APM pico | 70 |
| eAPM promedio | 4.5 |
| Aldeanos / militares | 33 / 5 |
Foco
⚔️ 7.5% · 🌾 92.5%
Militia ×3 · Spearman ×2
Feudal
13:05
Castillos
17:08
Imperial
—
| APM promedio | 12.0 |
| APM pico | 41 |
| eAPM promedio | 10.3 |
| Aldeanos / militares | 91 / 0 |
Foco
⚔️ 5.4% · 🌾 94.6%
Mapa de la partida
Recursos iniciales + cada clic de construcción. Líneas = muros · curvas = relieve. ◆ oro · ⬟ piedra · ● bayas · ✦ reliquia · ◌ hueco del cierre
Tu base· ✓ Cerrada en 17:30 · 0t muro · 2 puerta(s)
Base de Hasbun00· ✓ Cerrada en 21:04 · 0t muro · 2 puerta(s)
Base de 小丁给你一电炮· ✓ Cerrada en 22:54 · 0t muro · 3 puerta(s)
Base de 76561199475990348· ✓ Cerrada en 17:01 · 0t muro · 2 puerta(s)
Base de sada613· ✓ Cerrada en 18:00 · 0t muro · 4 puerta(s)
Base de 一笑倾城4· ✓ Cerrada en 15:56 · 0t muro · 3 puerta(s)
Base de Mohr98· ✓ Cerrada en 23:18 · 13t muro · 3 puerta(s)
Base de 小雨霏霏· ✓ Cerrada en 17:08 · 0t muro · 2 puerta(s)
Terreno inicial suavizado · ◌ = hueco del cierre detectado · pasá el cursor para detalles
Inputs por minuto
— MOTHERSHIP - - Hasbun00
Build order — MOTHERSHIP
120 acciones detectadas en el replay
| 0:01 | Crear | Villager (Male) |
| 0:01 | Crear | Villager (Male) |
| 0:01 | Crear | Villager (Male) |
| 0:03 | Construir | House |
| 0:04 | Construir | House |
| 0:17 | Crear | Villager (Male) |
| 1:31 | Crear | Villager (Male) |
| 1:47 | Construir | Lumber Camp |
| 1:50 | Crear | Villager (Male) |
| 2:22 | Crear | Villager (Male) |
| 2:52 | Crear | Villager (Male) |
| 3:07 | Crear | Villager (Male) |
| 3:32 | Crear | Villager (Male) |
| 4:01 | Crear | Villager (Male) |
| 4:17 | Construir | Mill |
| 4:35 | Crear | Villager (Male) |
| 4:41 | Construir | House |
| 4:50 | Crear | Villager (Male) |
| 5:10 | Crear | Villager (Male) |
| 5:32 | Crear | Villager (Male) |
| 5:50 | Construir | House |
| 5:56 | Crear | Villager (Male) |
| 5:56 | Crear | Villager (Male) |
| 6:01 | Construir | House |
| 6:31 | Crear | Villager (Male) |
| 6:34 | Construir | Mill |
| 6:36 | Crear | Villager (Male) |
| 6:51 | Crear | Villager (Male) |
| 7:13 | Crear | Villager (Male) |
| 7:18 | Construir | Mining Camp |
| 7:32 | Crear | Villager (Male) |
| 7:48 | Crear | Villager (Male) |
| 8:19 | Construir | House |
| 8:43 | Crear | Villager (Male) |
| 8:58 | Construir | Lumber Camp |
| 9:02 | Crear | Villager (Male) |
| 9:39 | Crear | Villager (Male) |
| 10:33 | Crear | Villager (Male) |
| 10:44 | Investigar | Feudal Age |
| 11:18 | Crear | Villager (Male) |
| 11:19 | Crear | Villager (Male) |
| 11:51 | Construir | Farm |
| 11:51 | Construir | Farm |
| 11:52 | Construir | Farm |
| 11:53 | Construir | Farm |
| 12:48 | Construir | Barracks |
| 13:32 | Edad | Edad Feudal |
| 13:44 | Construir | Market |
| 13:54 | Construir | Blacksmith |
| 14:06 | Construir | Archery Range |
| 14:12 | Crear | Villager (Male) |
| 14:50 | Investigar | Castle Age |
| 15:12 | Investigar | Fletching |
| 15:24 | Construir | House |
| 15:27 | Construir | House |
| 15:28 | Construir | House |
| 15:40 | Construir | House |
| 15:43 | Construir | House |
| 16:07 | Construir | Archery Range |
| 16:09 | Construir | Archery Range |
| 16:10 | Construir | Archery Range |
| 16:31 | Investigar | Double-Bit Axe |
| 16:42 | Construir | Farm |
| 16:43 | Construir | Farm |
| 16:43 | Construir | Farm |
| 16:43 | Construir | Farm |
| 16:45 | Construir | Farm |
| 16:57 | Construir | Farm |
| 17:05 | Construir | Farm |
| 17:24 | Crear | Villager (Male) |
| 17:30 | Edad | Edad de los Castillos |
| 18:01 | Construir | University |
| 18:07 | Crear | Villager (Male) |
| 18:08 | Crear | Villager (Male) |
| 18:15 | Crear | Cavalry Archer |
| 18:16 | Crear | Cavalry Archer |
| 18:16 | Crear | Cavalry Archer |
| 18:29 | Crear | Cavalry Archer |
| 18:29 | Crear | Cavalry Archer |
| 18:29 | Crear | Cavalry Archer |
| 18:30 | Crear | Cavalry Archer |
| 18:34 | Crear | Villager (Male) |
| 18:57 | Crear | Villager (Male) |
| 19:02 | Crear | Cavalry Archer |
| 19:02 | Crear | Cavalry Archer |
| 19:02 | Crear | Cavalry Archer |
| 19:13 | Investigar | Padded Archer Armor |
| 19:27 | Crear | Cavalry Archer ×4 |
| 19:32 | Crear | Villager (Male) |
| 20:17 | Crear | Cavalry Archer ×4 |
| 20:17 | Crear | Cavalry Archer ×4 |
| 20:51 | Construir | Stable |
| 22:12 | Investigar | Ballistics |
| 22:15 | Investigar | Bloodlines |
| 22:17 | Investigar | Husbandry |
| 22:35 | Investigar | Bodkin Arrow |
| 22:38 | Crear | Villager (Male) |
| 22:55 | Investigar | Leather Archer Armor |
| 24:18 | Crear | Cavalry Archer ×3 |
| 24:18 | Crear | Cavalry Archer ×3 |
| 24:24 | Crear | Villager (Male) |
| 24:24 | Crear | Villager (Male) |
| 24:25 | Crear | Villager (Male) |
| 24:26 | Crear | Villager (Male) |
| 25:14 | Crear | Cavalry Archer ×3 |
| 25:19 | Construir | House |
| 25:20 | Construir | House |
| 25:20 | Construir | House |
| 25:21 | Construir | House |
| 25:21 | Construir | House |
| 25:57 | Crear | Cavalry Archer |
| 25:57 | Crear | Cavalry Archer |
| 26:07 | Crear | Villager (Male) |
| 26:07 | Crear | Villager (Male) |
| 26:07 | Crear | Villager (Male) |
| 26:08 | Crear | Villager (Male) |
| 26:44 | Crear | Cavalry Archer |
| 27:02 | Crear | Cavalry Archer ×5 |
| 27:02 | Crear | Cavalry Archer ×4 |
| 27:02 | Crear | Cavalry Archer ×4 |
Build order — Hasbun00
142 acciones detectadas en el replay
| 0:06 | Crear | Villager (Male) |
| 0:06 | Crear | Villager (Male) |
| 0:07 | Crear | Villager (Male) |
| 0:07 | Crear | Villager (Male) |
| 0:07 | Crear | Villager (Male) |
| 0:25 | Construir | House |
| 0:26 | Construir | House |
| 1:34 | Crear | Villager (Male) |
| 1:34 | Crear | Villager (Male) |
| 2:26 | Crear | Villager (Male) |
| 3:09 | Crear | Villager (Male) |
| 3:09 | Crear | Villager (Male) |
| 3:15 | Construir | Lumber Camp |
| 3:43 | Construir | Mill |
| 3:48 | Construir | House |
| 3:55 | Crear | Villager (Male) |
| 4:12 | Construir | House |
| 4:22 | Crear | Villager (Male) |
| 5:17 | Crear | Villager (Male) |
| 5:17 | Crear | Villager (Male) |
| 6:49 | Crear | Villager (Male) |
| 7:02 | Construir | Barracks |
| 7:19 | Construir | House |
| 7:20 | Construir | House |
| 7:53 | Construir | House |
| 8:08 | Investigar | Feudal Age |
| 8:15 | Construir | House |
| 8:24 | Construir | House |
| 8:35 | Crear | Villager (Male) |
| 8:36 | Crear | Villager (Male) |
| 9:42 | Crear | Militia |
| 9:42 | Crear | Militia |
| 9:57 | Construir | Farm |
| 9:58 | Construir | Farm |
| 9:59 | Construir | Farm |
| 10:18 | Edad | Edad Feudal |
| 10:27 | Crear | Spearman |
| 10:27 | Crear | Spearman |
| 10:46 | Construir | Blacksmith |
| 10:56 | Construir | Market |
| 11:34 | Crear | Villager (Male) |
| 11:34 | Crear | Villager (Male) |
| 11:45 | Construir | Archery Range |
| 12:18 | Crear | Militia |
| 12:30 | Crear | Villager (Male) |
| 12:31 | Crear | Villager (Male) |
| 12:31 | Crear | Villager (Male) |
| 12:37 | Construir | Farm |
| 12:38 | Construir | Farm |
| 12:39 | Construir | Farm |
| 13:00 | Crear | Archer |
| 13:00 | Crear | Archer |
| 14:04 | Crear | Villager (Male) |
| 14:04 | Crear | Villager (Male) |
| 14:05 | Crear | Villager (Male) |
| 14:48 | Crear | Villager (Male) |
| 14:48 | Crear | Villager (Male) |
| 15:06 | Construir | Mining Camp |
| 15:25 | Investigar | Horse Collar |
| 15:58 | Construir | Outpost |
| 15:59 | Construir | Outpost |
| 16:02 | Construir | Outpost |
| 16:04 | Construir | Outpost |
| 16:06 | Construir | Outpost |
| 16:13 | Construir | Outpost |
| 16:15 | Construir | Outpost |
| 16:17 | Construir | Outpost |
| 16:34 | Crear | Archer |
| 16:34 | Crear | Archer |
| 16:50 | Construir | Farm |
| 16:50 | Construir | Farm |
| 16:51 | Construir | Farm |
| 16:52 | Construir | Farm |
| 16:53 | Construir | Farm |
| 16:53 | Construir | Farm |
| 16:53 | Construir | Farm |
| 17:27 | Crear | Archer |
| 17:38 | Construir | Farm |
| 18:15 | Crear | Skirmisher |
| 18:15 | Crear | Skirmisher |
| 18:24 | Investigar | Castle Age |
| 19:00 | Construir | Mining Camp |
| 19:03 | Investigar | Stone Mining |
| 19:03 | Investigar | Gold Mining |
| 19:30 | Investigar | Fletching |
| 19:35 | Crear | Archer |
| 20:31 | Crear | Archer |
| 20:31 | Crear | Archer |
| 20:37 | Construir | House |
| 20:37 | Construir | House |
| 21:04 | Edad | Edad de los Castillos |
| 21:35 | Construir | Archery Range |
| 21:35 | Construir | Archery Range |
| 21:56 | Investigar | Crossbowman (upgrade) |
| 21:56 | Crear | Archer |
| 21:57 | Crear | Archer |
| 22:39 | Crear | Villager (Male) |
| 22:39 | Crear | Villager (Male) |
| 22:40 | Crear | Villager (Male) |
| 22:40 | Crear | Villager (Male) |
| 22:40 | Crear | Villager (Male) |
| 22:41 | Crear | Villager (Male) |
| 22:41 | Crear | Villager (Male) |
| 22:41 | Crear | Villager (Male) |
| 22:42 | Crear | Villager (Male) |
| 22:46 | Construir | Lumber Camp |
| 23:18 | Construir | Farm |
| 23:46 | Construir | House |
| 23:47 | Construir | House |
| 23:59 | Crear | Archer |
| 25:27 | Construir | Siege Workshop |
| 25:45 | Construir | Siege Workshop |
| 25:54 | Construir | Siege Workshop |
| 26:02 | Crear | Archer |
| 26:02 | Crear | Archer |
| 26:02 | Crear | Archer |
| 26:18 | Crear | Villager (Male) |
| 26:18 | Crear | Villager (Male) |
| 26:18 | Crear | Villager (Male) |
| 26:18 | Crear | Villager (Male) |
| 26:19 | Crear | Villager (Male) |
| 26:19 | Crear | Villager (Male) |
| 26:58 | Crear | Villager (Male) |
| 26:58 | Crear | Villager (Male) |
| 26:59 | Crear | Villager (Male) |
| 26:59 | Crear | Villager (Male) |
| 26:59 | Crear | Villager (Male) |
| 27:05 | Construir | Farm |
| 27:19 | Construir | Castle |
| 27:28 | Crear | Archer |
| 27:29 | Crear | Archer |
| 27:29 | Crear | Archer |
| 27:29 | Crear | Archer |
| 27:38 | Crear | Scorpion |
| 27:38 | Crear | Scorpion |
| 27:48 | Investigar | Double-Bit Axe |
| 27:57 | Construir | Farm |
| 27:58 | Construir | Farm |
| 28:18 | Crear | Archer |
| 28:19 | Crear | Archer |
| 28:19 | Crear | Archer |
| 28:19 | Crear | Archer |
Build order — 小丁给你一电炮
Primeras 150 de 157 acciones detectadas
| 0:13 | Construir | House |
| 0:14 | Construir | House |
| 0:15 | Construir | House |
| 0:15 | Construir | House |
| 0:23 | Investigar | Loom |
| 0:24 | Crear | Villager (Male) |
| 0:24 | Crear | Villager (Male) |
| 0:24 | Crear | Villager (Male) |
| 0:25 | Crear | Villager (Male) |
| 0:25 | Crear | Villager (Male) |
| 2:14 | Construir | Settlement |
| 2:24 | Crear | Villager (Male) |
| 2:24 | Crear | Villager (Male) |
| 2:55 | Crear | Villager (Male) |
| 2:55 | Crear | Villager (Male) |
| 2:55 | Crear | Villager (Male) |
| 3:22 | Crear | Villager (Male) |
| 3:23 | Crear | Villager (Male) |
| 3:51 | Crear | Villager (Male) |
| 3:51 | Crear | Villager (Male) |
| 4:19 | Crear | Villager (Male) |
| 4:20 | Crear | Villager (Male) |
| 4:34 | Construir | Outpost |
| 5:19 | Crear | Villager (Male) |
| 5:20 | Crear | Villager (Male) |
| 5:20 | Crear | Villager (Male) |
| 5:23 | Crear | Villager (Male) |
| 5:37 | Crear | Villager (Male) |
| 5:38 | Crear | Villager (Male) |
| 5:45 | Construir | Outpost |
| 5:50 | Construir | Outpost |
| 6:17 | Crear | Villager (Male) |
| 6:17 | Crear | Villager (Male) |
| 6:17 | Crear | Villager (Male) |
| 8:00 | Crear | Villager (Male) |
| 8:00 | Crear | Villager (Male) |
| 8:00 | Crear | Villager (Male) |
| 8:01 | Crear | Villager (Male) |
| 8:01 | Crear | Villager (Male) |
| 8:01 | Crear | Villager (Male) |
| 8:01 | Crear | Villager (Male) |
| 8:02 | Crear | Villager (Male) |
| 8:02 | Crear | Villager (Male) |
| 8:02 | Crear | Villager (Male) |
| 8:34 | Construir | Settlement |
| 8:43 | Crear | Villager (Male) |
| 8:44 | Crear | Villager (Male) |
| 8:44 | Crear | Villager (Male) |
| 8:44 | Crear | Villager (Male) |
| 8:57 | Construir | House |
| 8:58 | Construir | House |
| 8:59 | Construir | House |
| 9:33 | Construir | Farm |
| 9:35 | Construir | Farm |
| 10:04 | Construir | Outpost |
| 10:10 | Crear | Villager (Male) |
| 10:10 | Crear | Villager (Male) |
| 10:11 | Crear | Villager (Male) |
| 10:11 | Crear | Villager (Male) |
| 10:23 | Construir | Farm |
| 10:24 | Construir | Farm |
| 10:47 | Construir | Outpost |
| 11:00 | Construir | Farm |
| 11:03 | Construir | Farm |
| 11:43 | Construir | Outpost |
| 12:38 | Construir | Barracks |
| 13:45 | Crear | Unit 2550 |
| 13:46 | Crear | Unit 2550 |
| 13:46 | Crear | Unit 2550 |
| 13:46 | Crear | Unit 2550 |
| 13:56 | Crear | Villager (Male) |
| 13:56 | Crear | Villager (Male) |
| 13:56 | Crear | Villager (Male) |
| 13:57 | Crear | Villager (Male) |
| 13:57 | Crear | Villager (Male) |
| 13:57 | Crear | Villager (Male) |
| 14:19 | Investigar | Feudal Age |
| 14:46 | Construir | Farm |
| 14:52 | Construir | Farm |
| 15:02 | Construir | Farm |
| 15:03 | Construir | Farm |
| 15:04 | Construir | Farm |
| 15:06 | Construir | Farm |
| 15:07 | Construir | Farm |
| 15:09 | Construir | Farm |
| 15:34 | Crear | Unit 2550 |
| 16:03 | Crear | Unit 2550 |
| 18:30 | Edad | Edad Feudal |
| 18:54 | Construir | Outpost |
| 19:06 | Construir | Archery Range |
| 19:12 | Construir | Blacksmith |
| 19:18 | Investigar | Horse Collar |
| 19:18 | Investigar | Double-Bit Axe |
| 19:22 | Investigar | Gold Mining |
| 19:22 | Investigar | Stone Mining |
| 20:03 | Construir | Outpost |
| 20:08 | Investigar | Tech 1402 |
| 20:14 | Investigar | Castle Age |
| 20:14 | Investigar | Castle Age |
| 20:31 | Construir | Outpost |
| 21:50 | Construir | Outpost |
| 22:54 | Edad | Edad de los Castillos |
| 23:00 | Construir | Town Center |
| 23:04 | Crear | Villager (Male) |
| 23:04 | Crear | Villager (Male) |
| 23:04 | Crear | Villager (Male) |
| 23:05 | Crear | Villager (Male) |
| 23:05 | Crear | Villager (Male) |
| 23:15 | Construir | Town Center |
| 23:39 | Investigar | Bow Saw |
| 23:42 | Investigar | Heavy Plow |
| 24:10 | Construir | Settlement |
| 24:32 | Construir | Castle |
| 24:39 | Construir | Settlement |
| 24:46 | Crear | Villager (Male) |
| 24:46 | Crear | Villager (Male) |
| 24:47 | Crear | Villager (Male) |
| 24:47 | Crear | Villager (Male) |
| 24:47 | Crear | Villager (Male) |
| 24:47 | Crear | Villager (Male) |
| 24:48 | Crear | Villager (Male) |
| 24:57 | Investigar | Wheelbarrow |
| 24:57 | Crear | Villager (Male) |
| 24:58 | Crear | Villager (Male) |
| 24:58 | Crear | Villager (Male) |
| 24:58 | Crear | Villager (Male) |
| 24:58 | Crear | Villager (Male) |
| 24:59 | Crear | Villager (Male) |
| 25:04 | Crear | Villager (Male) |
| 25:04 | Crear | Villager (Male) |
| 25:04 | Crear | Villager (Male) |
| 25:05 | Crear | Villager (Male) |
| 26:03 | Crear | Villager (Male) |
| 26:04 | Crear | Villager (Male) |
| 26:04 | Crear | Villager (Male) |
| 26:10 | Crear | Villager (Male) |
| 26:10 | Crear | Villager (Male) |
| 26:13 | Crear | Villager (Male) |
| 26:13 | Crear | Villager (Male) |
| 26:45 | Crear | Unit 2562 |
| 26:45 | Crear | Unit 2562 |
| 26:45 | Crear | Unit 2562 |
| 26:46 | Crear | Unit 2562 |
| 26:46 | Crear | Unit 2562 |
| 26:46 | Crear | Unit 2562 |
| 26:47 | Crear | Unit 2562 |
| 26:47 | Crear | Unit 2562 |
| 26:47 | Crear | Unit 2562 |
| 26:47 | Crear | Unit 2562 |
| 26:49 | Crear | Unit 2562 |
Build order — 76561199475990348
101 acciones detectadas en el replay
| 0:08 | Crear | Villager (Male) ×4 |
| 0:09 | Crear | Villager (Male) ×4 |
| 0:14 | Construir | House |
| 0:19 | Construir | House |
| 0:20 | Construir | House |
| 1:57 | Crear | Villager (Male) |
| 1:57 | Crear | Villager (Male) |
| 2:22 | Crear | Villager (Male) |
| 2:23 | Crear | Villager (Male) |
| 2:57 | Crear | Villager (Male) |
| 2:57 | Crear | Villager (Male) |
| 3:05 | Crear | Villager (Male) |
| 3:06 | Crear | Villager (Male) |
| 3:15 | Crear | Villager (Male) |
| 3:47 | Crear | Villager (Male) |
| 3:48 | Crear | Villager (Male) |
| 3:51 | Crear | Villager (Male) |
| 3:52 | Crear | Villager (Male) |
| 4:32 | Crear | Villager (Male) |
| 4:32 | Crear | Villager (Male) |
| 4:40 | Construir | Mill |
| 5:06 | Construir | Lumber Camp |
| 5:08 | Construir | House |
| 5:17 | Crear | Villager (Male) |
| 5:18 | Crear | Villager (Male) |
| 6:22 | Crear | Villager (Male) ×4 |
| 6:22 | Crear | Villager (Male) ×5 |
| 6:23 | Crear | Villager (Male) |
| 7:18 | Crear | Villager (Male) |
| 7:18 | Crear | Villager (Male) |
| 7:31 | Crear | Villager (Male) |
| 7:32 | Crear | Villager (Male) |
| 8:07 | Construir | Mining Camp |
| 8:42 | Construir | House |
| 8:43 | Construir | House |
| 8:53 | Crear | Villager (Male) |
| 8:54 | Crear | Villager (Male) |
| 8:54 | Crear | Villager (Male) |
| 8:54 | Crear | Villager (Male) |
| 8:54 | Crear | Villager (Male) |
| 8:55 | Crear | Villager (Male) |
| 9:14 | Crear | Villager (Male) |
| 9:14 | Crear | Villager (Male) |
| 9:15 | Crear | Villager (Male) |
| 9:15 | Crear | Villager (Male) |
| 9:15 | Crear | Villager (Male) |
| 9:15 | Crear | Villager (Male) |
| 9:25 | Investigar | Feudal Age |
| 9:25 | Investigar | Feudal Age |
| 10:19 | Construir | Mill |
| 10:57 | Crear | Villager (Male) |
| 10:58 | Crear | Villager (Male) |
| 11:35 | Edad | Edad Feudal |
| 11:53 | Construir | Market |
| 12:05 | Crear | Villager (Male) |
| 12:05 | Crear | Villager (Male) |
| 12:32 | Construir | Blacksmith |
| 12:44 | Crear | Villager (Male) |
| 13:52 | Construir | Mining Camp |
| 14:05 | Construir | Lumber Camp |
| 14:21 | Investigar | Castle Age |
| 15:11 | Investigar | Double-Bit Axe |
| 15:32 | Investigar | Gold Mining |
| 16:37 | Investigar | Loom |
| 17:01 | Edad | Edad de los Castillos |
| 17:41 | Construir | Castle |
| 18:08 | Construir | Siege Workshop |
| 18:10 | Construir | Siege Workshop |
| 18:38 | Crear | Battering Ram |
| 18:38 | Crear | Battering Ram |
| 18:38 | Crear | Battering Ram |
| 18:44 | Construir | Siege Workshop |
| 18:45 | Construir | Siege Workshop |
| 19:29 | Construir | Mining Camp |
| 20:11 | Crear | Scorpion ×4 |
| 20:11 | Crear | Scorpion ×4 |
| 20:12 | Crear | Scorpion |
| 20:34 | Crear | Battering Ram |
| 20:51 | Crear | Scorpion |
| 21:15 | Crear | Scorpion ×2 |
| 21:25 | Crear | Scorpion |
| 21:31 | Crear | Scorpion ×2 |
| 21:32 | Crear | Scorpion ×2 |
| 21:52 | Crear | Scorpion |
| 22:06 | Crear | Scorpion |
| 22:06 | Crear | Scorpion |
| 22:26 | Crear | Scorpion ×2 |
| 22:27 | Crear | Scorpion ×2 |
| 22:44 | Crear | Scorpion ×4 |
| 22:44 | Crear | Scorpion ×4 |
| 23:09 | Crear | Battering Ram |
| 23:58 | Crear | Scorpion ×4 |
| 24:03 | Crear | Scorpion |
| 24:03 | Crear | Scorpion |
| 25:55 | Investigar | Ballistas |
| 26:11 | Crear | Scorpion ×4 |
| 26:11 | Crear | Scorpion ×4 |
| 26:49 | Crear | Scorpion ×2 |
| 26:49 | Crear | Scorpion ×2 |
| 26:57 | Construir | House |
| 26:58 | Construir | House |
Build order — sada613
Primeras 150 de 195 acciones detectadas
| 0:02 | Crear | Villager (Male) |
| 0:02 | Crear | Villager (Male) |
| 0:03 | Crear | Villager (Male) |
| 0:03 | Crear | Villager (Male) |
| 0:04 | Crear | Villager (Male) |
| 0:18 | Construir | House |
| 0:21 | Construir | House |
| 1:39 | Crear | Villager (Male) |
| 1:56 | Construir | Lumber Camp |
| 2:28 | Crear | Villager (Male) |
| 2:53 | Crear | Villager (Male) |
| 3:21 | Crear | Villager (Male) |
| 3:21 | Crear | Villager (Male) |
| 3:45 | Crear | Villager (Male) |
| 4:13 | Crear | Villager (Male) |
| 4:17 | Construir | House |
| 4:18 | Construir | House |
| 4:19 | Construir | House |
| 4:20 | Construir | House |
| 4:32 | Crear | Villager (Male) |
| 4:55 | Construir | House |
| 5:02 | Crear | Villager (Male) |
| 5:22 | Crear | Villager (Male) |
| 5:33 | Construir | Mill |
| 5:43 | Construir | House |
| 5:45 | Construir | House |
| 5:58 | Crear | Villager (Male) |
| 6:31 | Construir | Farm |
| 6:33 | Construir | Farm |
| 6:39 | Crear | Villager (Male) |
| 6:39 | Crear | Villager (Male) |
| 6:40 | Crear | Villager (Male) |
| 6:40 | Crear | Villager (Male) |
| 6:40 | Crear | Villager (Male) |
| 6:45 | Construir | Mill |
| 7:05 | Crear | Villager (Male) |
| 7:14 | Construir | Mining Camp |
| 7:22 | Crear | Villager (Male) |
| 7:39 | Crear | Villager (Male) |
| 8:02 | Crear | Villager (Male) |
| 8:03 | Crear | Villager (Male) |
| 9:16 | Crear | Villager (Male) |
| 10:01 | Investigar | Feudal Age |
| 10:15 | Construir | Mining Camp |
| 10:28 | Crear | Villager (Male) |
| 10:29 | Crear | Villager (Male) |
| 10:33 | Construir | Lumber Camp |
| 10:42 | Crear | Villager (Male) |
| 10:57 | Crear | Villager (Male) |
| 10:57 | Crear | Villager (Male) |
| 10:59 | Crear | Villager (Male) |
| 11:17 | Construir | Mill |
| 11:22 | Crear | Villager (Male) |
| 12:37 | Investigar | Double-Bit Axe |
| 12:38 | Investigar | Horse Collar |
| 12:40 | Investigar | Stone Mining |
| 12:42 | Investigar | Gold Mining |
| 12:50 | Construir | Market |
| 12:57 | Construir | Gate |
| 13:20 | Investigar | Wheelbarrow |
| 13:23 | Crear | Villager (Male) |
| 13:25 | Investigar | Wheelbarrow |
| 13:42 | Construir | Mill |
| 14:02 | Crear | Villager (Male) |
| 14:23 | Construir | Farm |
| 14:31 | Construir | Blacksmith |
| 14:46 | Construir | Farm |
| 15:06 | Construir | Farm |
| 15:08 | Construir | Farm |
| 15:15 | Construir | House |
| 15:17 | Construir | House |
| 15:18 | Construir | House |
| 15:24 | Crear | Villager (Male) |
| 15:36 | Construir | Farm |
| 15:47 | Construir | Farm |
| 16:09 | Construir | Barracks |
| 16:21 | Construir | Farm |
| 16:27 | Construir | Farm |
| 16:59 | Construir | Mining Camp |
| 17:13 | Crear | Spearman |
| 17:13 | Crear | Spearman |
| 17:13 | Crear | Spearman |
| 17:13 | Crear | Spearman |
| 17:14 | Crear | Spearman |
| 17:24 | Crear | Villager (Male) |
| 18:00 | Investigar | Castle Age |
| 18:01 | Investigar | Castle Age |
| 18:11 | Construir | Farm |
| 18:12 | Construir | Farm |
| 18:17 | Construir | Farm |
| 18:36 | Crear | Villager (Male) |
| 18:37 | Crear | Villager (Male) |
| 18:37 | Crear | Villager (Male) |
| 18:37 | Crear | Villager (Male) |
| 18:38 | Crear | Villager (Male) |
| 18:52 | Crear | Villager (Male) |
| 19:22 | Crear | Villager (Male) |
| 19:26 | Investigar | Loom |
| 19:27 | Investigar | Town Watch |
| 19:37 | Construir | Barracks |
| 20:32 | Construir | Barracks |
| 20:38 | Investigar | Arson |
| 20:39 | Crear | Spearman |
| 20:39 | Crear | Spearman |
| 20:40 | Crear | Spearman |
| 20:52 | Construir | Town Center |
| 21:07 | Construir | Town Center |
| 21:16 | Investigar | Hand Cart |
| 21:30 | Construir | Mill |
| 21:56 | Crear | Villager (Male) |
| 21:57 | Crear | Villager (Male) |
| 21:57 | Crear | Villager (Male) |
| 22:04 | Crear | Villager (Male) |
| 22:04 | Crear | Villager (Male) |
| 22:05 | Crear | Villager (Male) |
| 22:05 | Crear | Villager (Male) |
| 22:05 | Crear | Villager (Male) |
| 22:06 | Crear | Villager (Male) |
| 22:06 | Crear | Villager (Male) |
| 22:06 | Crear | Villager (Male) |
| 22:07 | Crear | Villager (Male) |
| 22:55 | Crear | Villager (Male) |
| 22:55 | Crear | Villager (Male) |
| 22:55 | Crear | Villager (Male) |
| 23:01 | Construir | Farm |
| 23:05 | Construir | Farm |
| 23:09 | Construir | Farm |
| 23:12 | Construir | Farm |
| 23:14 | Crear | Villager (Male) |
| 23:14 | Crear | Villager (Male) |
| 23:15 | Crear | Villager (Male) |
| 23:18 | Construir | Farm |
| 23:23 | Construir | Farm |
| 23:27 | Construir | Farm |
| 23:32 | Crear | Villager (Male) |
| 23:35 | Crear | Villager (Male) |
| 23:50 | Investigar | Pikeman (upgrade) |
| 24:03 | Construir | Siege Workshop |
| 24:20 | Construir | Castle |
| 24:30 | Crear | Villager (Male) |
| 24:30 | Crear | Villager (Male) |
| 24:35 | Crear | Villager (Male) |
| 24:36 | Crear | Villager (Male) |
| 24:36 | Crear | Villager (Male) |
| 24:50 | Crear | Villager (Male) |
| 24:51 | Crear | Villager (Male) |
| 24:51 | Crear | Villager (Male) |
| 25:03 | Construir | Mining Camp |
| 25:07 | Construir | Farm |
| 25:12 | Construir | Farm |
Build order — 一笑倾城4
134 acciones detectadas en el replay
| 0:05 | Construir | House |
| 0:10 | Construir | House |
| 0:11 | Crear | Villager (Male) |
| 0:11 | Crear | Villager (Male) |
| 0:11 | Crear | Villager (Male) |
| 0:11 | Crear | Villager (Male) |
| 0:12 | Crear | Villager (Male) |
| 1:42 | Crear | Villager (Male) |
| 1:57 | Construir | Lumber Camp |
| 2:17 | Crear | Villager (Male) |
| 2:32 | Crear | Villager (Male) |
| 3:11 | Crear | Villager (Male) |
| 3:27 | Crear | Villager (Male) |
| 3:40 | Construir | House |
| 3:41 | Construir | House |
| 3:42 | Construir | House |
| 4:20 | Crear | Villager (Male) |
| 4:45 | Crear | Villager (Male) |
| 4:58 | Construir | Mill |
| 5:01 | Crear | Villager (Male) |
| 5:37 | Construir | Mill |
| 5:40 | Crear | Villager (Male) |
| 5:40 | Crear | Villager (Male) |
| 6:30 | Crear | Villager (Male) |
| 6:57 | Crear | Villager (Male) |
| 7:31 | Crear | Villager (Male) |
| 7:54 | Crear | Villager (Male) |
| 8:02 | Crear | Villager (Male) |
| 8:46 | Crear | Villager (Male) |
| 9:17 | Crear | Villager (Male) |
| 9:18 | Investigar | Feudal Age |
| 9:47 | Construir | Mining Camp |
| 10:51 | Construir | Farm |
| 10:52 | Construir | Farm |
| 10:52 | Construir | Farm |
| 10:52 | Construir | Farm |
| 10:52 | Construir | Farm |
| 10:53 | Construir | Farm |
| 10:53 | Construir | Farm |
| 10:54 | Construir | Farm |
| 11:42 | Crear | Villager (Male) |
| 11:52 | Edad | Edad Feudal |
| 11:55 | Construir | Market |
| 12:23 | Crear | Villager (Male) |
| 12:28 | Construir | Blacksmith |
| 12:48 | Crear | Villager (Male) |
| 13:16 | Investigar | Castle Age |
| 13:21 | Construir | Farm |
| 13:56 | Construir | House |
| 13:57 | Construir | House |
| 15:01 | Construir | Barracks |
| 15:03 | Investigar | Double-Bit Axe |
| 15:05 | Investigar | Horse Collar |
| 15:56 | Edad | Edad de los Castillos |
| 15:58 | Construir | Stable |
| 16:00 | Crear | Villager (Male) |
| 16:04 | Crear | Villager (Male) |
| 16:22 | Investigar | Heavy Plow |
| 16:27 | Crear | Villager (Male) |
| 16:54 | Construir | Siege Workshop |
| 16:57 | Investigar | Bloodlines |
| 17:00 | Crear | Villager (Male) |
| 17:30 | Investigar | Scale Barding Armor |
| 17:40 | Construir | Farm |
| 17:40 | Construir | Farm |
| 17:44 | Construir | Farm |
| 17:44 | Construir | Farm |
| 17:47 | Crear | Villager (Male) |
| 17:58 | Investigar | Husbandry |
| 18:11 | Construir | House |
| 18:18 | Investigar | Chain Barding Armor |
| 18:21 | Crear | Villager (Male) |
| 18:41 | Crear | Villager (Male) |
| 18:53 | Construir | Monastery |
| 18:56 | Investigar | Forging |
| 19:08 | Construir | Farm |
| 19:19 | Crear | Villager (Male) |
| 19:37 | Construir | House |
| 19:38 | Construir | House |
| 19:40 | Construir | House |
| 19:42 | Crear | Villager (Male) |
| 19:45 | Crear | Steppe Lancer |
| 19:45 | Crear | Steppe Lancer |
| 20:03 | Construir | Town Center |
| 20:06 | Crear | Villager (Male) |
| 20:15 | Crear | Steppe Lancer |
| 20:42 | Construir | Farm |
| 20:44 | Crear | Villager (Male) |
| 20:45 | Crear | Villager (Male) |
| 20:48 | Crear | Steppe Lancer |
| 21:13 | Construir | Town Center |
| 21:18 | Crear | Monk |
| 21:35 | Crear | Villager (Male) |
| 21:37 | Crear | Villager (Male) |
| 21:50 | Investigar | Bow Saw |
| 22:01 | Construir | Farm |
| 22:04 | Crear | Villager (Male) |
| 22:08 | Crear | Villager (Male) |
| 22:50 | Construir | Farm |
| 22:53 | Construir | Farm |
| 22:55 | Crear | Villager (Male) |
| 23:23 | Crear | Villager (Male) |
| 23:25 | Crear | Villager (Male) |
| 23:33 | Construir | Lumber Camp |
| 23:45 | Construir | Farm |
| 23:49 | Crear | Villager (Male) |
| 23:49 | Crear | Villager (Male) |
| 23:55 | Investigar | Iron Casting |
| 24:30 | Construir | Farm |
| 24:35 | Crear | Villager (Male) ×5 |
| 24:53 | Crear | Villager (Male) |
| 24:56 | Crear | Villager (Male) |
| 25:10 | Construir | Farm |
| 25:17 | Crear | Villager (Male) |
| 25:19 | Crear | Villager (Male) |
| 25:40 | Crear | Villager (Male) |
| 25:43 | Crear | Villager (Male) |
| 25:49 | Construir | Farm |
| 25:49 | Construir | Farm |
| 25:50 | Construir | Farm |
| 25:50 | Construir | Farm |
| 25:55 | Crear | Villager (Male) |
| 26:18 | Construir | Farm |
| 26:23 | Crear | Villager (Male) ×5 |
| 26:31 | Construir | Farm |
| 26:31 | Construir | Farm |
| 26:31 | Construir | Farm |
| 27:05 | Construir | House |
| 27:19 | Investigar | Wheelbarrow |
| 27:29 | Construir | Farm |
| 27:35 | Construir | Farm |
| 27:46 | Crear | Villager (Male) ×5 |
| 28:19 | Construir | Farm |
| 28:34 | Construir | Farm |
Build order — Mohr98
82 acciones detectadas en el replay
| 0:16 | Construir | House |
| 0:19 | Construir | House |
| 0:23 | Crear | Villager (Male) |
| 0:23 | Crear | Villager (Male) |
| 1:07 | Crear | Villager (Male) |
| 1:07 | Crear | Villager (Male) |
| 1:42 | Crear | Villager (Male) |
| 1:50 | Construir | House |
| 1:51 | Construir | House |
| 2:32 | Crear | Villager (Male) |
| 2:43 | Crear | Villager (Male) |
| 3:01 | Crear | Villager (Male) |
| 3:42 | Crear | Villager (Male) |
| 3:55 | Crear | Villager (Male) |
| 4:18 | Crear | Villager (Male) |
| 4:42 | Crear | Villager (Male) |
| 4:42 | Crear | Villager (Male) |
| 5:39 | Construir | Lumber Camp |
| 5:48 | Construir | Mill |
| 6:55 | Investigar | Loom |
| 7:53 | Construir | Farm |
| 7:57 | Construir | Farm |
| 8:02 | Construir | Farm |
| 8:41 | Investigar | Feudal Age |
| 9:07 | Construir | Barracks |
| 9:34 | Crear | Villager (Male) |
| 10:16 | Crear | Militia |
| 10:18 | Crear | Militia |
| 10:28 | Construir | Mining Camp |
| 10:35 | Crear | Villager (Male) |
| 10:35 | Crear | Villager (Male) |
| 10:51 | Edad | Edad Feudal |
| 11:18 | Crear | Spearman |
| 11:19 | Crear | Spearman |
| 11:34 | Crear | Villager (Male) |
| 12:21 | Crear | Villager (Male) |
| 12:36 | Construir | House |
| 12:37 | Construir | House |
| 12:39 | Construir | House |
| 12:40 | Construir | House |
| 12:46 | Construir | House |
| 12:51 | Crear | Villager (Male) |
| 13:00 | Construir | Farm |
| 13:24 | Construir | Farm |
| 13:26 | Crear | Villager (Male) |
| 13:56 | Construir | Farm |
| 14:05 | Construir | Farm |
| 14:06 | Construir | Farm |
| 14:08 | Construir | Farm |
| 14:10 | Construir | Farm |
| 14:12 | Construir | Farm |
| 14:18 | Investigar | Wheelbarrow |
| 14:21 | Investigar | Double-Bit Axe |
| 14:31 | Crear | Militia |
| 15:11 | Construir | House |
| 15:12 | Construir | House |
| 15:13 | Construir | House |
| 15:14 | Construir | House |
| 15:42 | Crear | Villager (Male) |
| 15:43 | Crear | Villager (Male) |
| 16:40 | Crear | Villager (Male) |
| 16:41 | Crear | Villager (Male) |
| 16:41 | Crear | Villager (Male) |
| 17:36 | Construir | Market |
| 18:01 | Construir | Blacksmith |
| 18:09 | Construir | Farm |
| 18:10 | Construir | Farm |
| 18:57 | Construir | Stone Wall |
| 20:11 | Construir | Farm |
| 20:38 | Investigar | Castle Age |
| 21:27 | Crear | Villager (Male) |
| 21:27 | Crear | Villager (Male) |
| 21:28 | Crear | Villager (Male) |
| 22:51 | Crear | Villager (Male) |
| 22:52 | Crear | Villager (Male) |
| 22:52 | Crear | Villager (Male) |
| 23:01 | Crear | Villager (Male) |
| 23:02 | Crear | Villager (Male) |
| 23:18 | Edad | Edad de los Castillos |
| 23:28 | Investigar | Gold Mining |
| 24:20 | Construir | Town Center |
| 24:42 | Construir | Mining Camp |
Build order — 小雨霏霏
Primeras 150 de 170 acciones detectadas
| 0:07 | Construir | House |
| 0:08 | Construir | House |
| 0:16 | Crear | Villager (Male) |
| 0:16 | Crear | Villager (Male) |
| 0:17 | Crear | Villager (Male) |
| 0:17 | Crear | Villager (Male) |
| 0:17 | Crear | Villager (Male) |
| 0:17 | Crear | Villager (Male) |
| 1:35 | Crear | Villager (Male) |
| 2:21 | Crear | Villager (Male) |
| 2:51 | Crear | Villager (Male) |
| 3:19 | Crear | Villager (Male) |
| 3:41 | Crear | Villager (Male) |
| 4:13 | Construir | House |
| 4:14 | Construir | House |
| 4:21 | Construir | Lumber Camp |
| 4:40 | Crear | Villager (Male) |
| 4:40 | Crear | Villager (Male) |
| 5:12 | Construir | Mill |
| 5:16 | Crear | Villager (Male) |
| 5:32 | Crear | Villager (Male) |
| 5:46 | Construir | Mill |
| 6:06 | Crear | Villager (Male) |
| 6:32 | Crear | Villager (Male) |
| 6:32 | Crear | Villager (Male) |
| 6:53 | Construir | Mining Camp |
| 7:08 | Crear | Villager (Male) |
| 7:33 | Crear | Villager (Male) |
| 7:39 | Investigar | Loom |
| 7:53 | Crear | Villager (Male) |
| 8:25 | Crear | Villager (Male) |
| 8:26 | Crear | Villager (Male) |
| 9:14 | Construir | House |
| 9:19 | Crear | Villager (Male) |
| 9:47 | Crear | Villager (Male) |
| 9:54 | Crear | Villager (Male) |
| 9:59 | Construir | Mining Camp |
| 10:35 | Crear | Villager (Male) |
| 10:55 | Investigar | Feudal Age |
| 11:02 | Construir | Pasture |
| 11:39 | Construir | Pasture |
| 11:46 | Construir | Pasture |
| 12:29 | Construir | House |
| 12:32 | Construir | House |
| 13:05 | Edad | Edad Feudal |
| 13:09 | Construir | Market |
| 13:20 | Construir | Blacksmith |
| 13:29 | Crear | Villager (Male) |
| 14:14 | Construir | Pasture |
| 14:28 | Investigar | Castle Age |
| 15:29 | Crear | Villager (Male) |
| 15:29 | Crear | Villager (Male) |
| 15:30 | Crear | Villager (Male) |
| 16:13 | Investigar | Double-Bit Axe |
| 16:34 | Investigar | Tech 1014 |
| 17:08 | Edad | Edad de los Castillos |
| 17:11 | Construir | Town Center |
| 17:18 | Construir | Town Center |
| 17:23 | Crear | Villager (Male) |
| 17:24 | Crear | Villager (Male) |
| 17:24 | Crear | Villager (Male) |
| 18:37 | Crear | Villager (Male) |
| 18:55 | Construir | House |
| 18:57 | Construir | House |
| 18:58 | Construir | House |
| 19:00 | Construir | House |
| 19:01 | Construir | House |
| 19:13 | Construir | Monastery |
| 19:25 | Construir | Monastery |
| 19:31 | Investigar | Tech 1013 |
| 19:35 | Crear | Villager (Male) |
| 19:37 | Crear | Villager (Male) |
| 19:38 | Crear | Villager (Male) |
| 19:38 | Crear | Villager (Male) |
| 19:38 | Crear | Villager (Male) |
| 19:39 | Crear | Villager (Male) |
| 19:39 | Crear | Villager (Male) |
| 19:47 | Crear | Villager (Male) |
| 19:47 | Crear | Villager (Male) |
| 19:48 | Crear | Villager (Male) |
| 19:48 | Crear | Villager (Male) |
| 19:48 | Crear | Villager (Male) |
| 20:11 | Construir | Mining Camp |
| 20:29 | Construir | Mining Camp |
| 20:39 | Crear | Villager (Male) |
| 20:44 | Crear | Villager (Male) |
| 20:45 | Crear | Villager (Male) |
| 21:04 | Construir | Pasture |
| 21:11 | Construir | Pasture |
| 21:20 | Crear | Villager (Male) |
| 21:37 | Construir | Pasture |
| 21:59 | Construir | Pasture |
| 22:05 | Investigar | Stone Mining |
| 22:13 | Crear | Villager (Male) |
| 22:13 | Crear | Villager (Male) |
| 22:13 | Crear | Villager (Male) |
| 22:13 | Crear | Villager (Male) |
| 22:15 | Crear | Villager (Male) |
| 22:15 | Crear | Villager (Male) |
| 22:19 | Crear | Villager (Male) |
| 22:36 | Construir | Pasture |
| 22:41 | Construir | Pasture |
| 22:44 | Crear | Villager (Male) |
| 22:45 | Crear | Villager (Male) |
| 22:53 | Construir | Pasture |
| 23:00 | Crear | Villager (Male) |
| 23:00 | Crear | Villager (Male) |
| 23:00 | Crear | Villager (Male) |
| 23:19 | Construir | Pasture |
| 23:29 | Construir | Pasture |
| 23:33 | Crear | Villager (Male) |
| 23:33 | Crear | Villager (Male) |
| 23:34 | Crear | Villager (Male) |
| 23:35 | Crear | Villager (Male) |
| 23:35 | Crear | Villager (Male) |
| 23:40 | Construir | Pasture |
| 24:01 | Construir | Castle |
| 24:13 | Crear | Villager (Male) |
| 24:13 | Crear | Villager (Male) |
| 24:13 | Crear | Villager (Male) |
| 24:14 | Crear | Villager (Male) |
| 24:14 | Crear | Villager (Male) |
| 24:14 | Crear | Villager (Male) |
| 24:31 | Investigar | Gold Mining |
| 24:43 | Construir | Pasture |
| 24:54 | Construir | Pasture |
| 25:09 | Construir | House |
| 25:10 | Construir | House |
| 25:11 | Construir | House |
| 25:13 | Construir | House |
| 25:15 | Construir | House |
| 25:20 | Construir | House |
| 25:29 | Crear | Villager (Male) |
| 25:31 | Crear | Villager (Male) |
| 25:38 | Crear | Villager (Male) |
| 25:38 | Crear | Villager (Male) |
| 25:39 | Crear | Villager (Male) |
| 25:39 | Crear | Villager (Male) |
| 25:42 | Crear | Villager (Male) |
| 25:43 | Crear | Villager (Male) |
| 25:44 | Crear | Villager (Male) |
| 25:44 | Crear | Villager (Male) |
| 25:45 | Crear | Villager (Male) |
| 25:50 | Investigar | Forging |
| 25:51 | Investigar | Scale Mail Armor |
| 26:04 | Construir | Pasture |
| 26:08 | Crear | Villager (Male) |
| 26:08 | Crear | Villager (Male) |
| 26:10 | Crear | Villager (Male) |
| 26:11 | Crear | Villager (Male) |
Cronología de la partida
| 7:02 | Hasbun00 · first_building Barracks |
| 9:07 | Mohr98 · first_building Barracks |
| 10:18 | Hasbun00 · age_up feudal |
| 10:51 | Mohr98 · age_up feudal |
| 11:35 | 76561199475990348 · age_up feudal |
| 11:45 | Hasbun00 · first_building Archery Range |
| 11:52 | 一笑倾城4 · age_up feudal |
| 12:38 | 小丁给你一电炮 · first_building Barracks |
| 12:48 | MOTHERSHIP · first_building Barracks |
| 13:05 | 小雨霏霏 · age_up feudal |
| 13:32 | MOTHERSHIP · age_up feudal |
| 14:06 | MOTHERSHIP · first_building Archery Range |
| 14:19 | 76561199475990348 · first_market_sell 100 food |
| 15:01 | 一笑倾城4 · first_building Barracks |
| 15:07 | 76561199475990348 · first_market_buy 100 food |
| 15:56 | 一笑倾城4 · age_up castle |
| 15:58 | 一笑倾城4 · first_building Stable |
| 16:09 | sada613 · first_building Barracks |
| 16:54 | 一笑倾城4 · first_building Siege Workshop |
| 17:01 | 76561199475990348 · age_up castle |
| 17:08 | 小雨霏霏 · age_up castle |
| 17:30 | MOTHERSHIP · age_up castle |
| 17:41 | 76561199475990348 · first_building Castle |
| 18:08 | 76561199475990348 · first_building Siege Workshop |
| 18:21 | Hasbun00 · first_market_sell 100 stone |
| 18:25 | MOTHERSHIP · first_market_buy 100 wood |
| 18:30 | 小丁给你一电炮 · age_up feudal |
| 18:53 | 一笑倾城4 · first_building Monastery |
| 18:57 | Mohr98 · wall_segment Stone Wall x13 |
| 19:06 | 小丁给你一电炮 · first_building Archery Range |
| 19:13 | 小雨霏霏 · first_building Monastery |
| 20:30 | Mohr98 · first_market_buy 100 food |
| 20:35 | Mohr98 · first_market_sell 100 food |
| 20:51 | MOTHERSHIP · first_building Stable |
| 21:04 | Hasbun00 · age_up castle |
| 22:44 | MOTHERSHIP · first_market_sell 100 wood |
| 22:54 | 小丁给你一电炮 · age_up castle |
| 23:18 | Mohr98 · age_up castle |
| 24:01 | 小雨霏霏 · first_building Castle |
| 24:03 | sada613 · first_building Siege Workshop |
| 24:20 | sada613 · first_building Castle |
| 24:32 | 小丁给你一电炮 · first_building Castle |
| 25:19 | Mohr98 · resign |
| 25:27 | Hasbun00 · first_building Siege Workshop |
| 27:19 | Hasbun00 · first_building Castle |
[ ANÁLISIS IA · 1 CRÉDITO ]
¿Qué pasó realmente en esta partida?
Wolo.gg analiza cada decisión: build order, eco, micro, errores típicos por bracket. Análisis personalizado por WhatsApp o Discord en 30 segundos.
Guía civ
Tártaros
Perfil
MOTHERSHIP